 Dungeon Crawl Stone Soup version 0.26-b1-57-gb162d0664a (webtiles) character file.

Game seed: 4820421499940870724

115 DearestLeader the Chopper (level 4, -12/36 (37) HPs)
             Began as a Minotaur Gladiator on Jan 8, 2021.
             Mangled by Crazy Yiuf
             ... wielding a +4 quarterstaff of chaos
              (16 damage)
             ... on level 2 of the Dungeon.
             The game lasted 00:04:23 (1275 turns).

DearestLeader the Chopper (Minotaur Gladiator)      Turns: 1275, Time: 00:04:24

HP:   -12/36 (37)   AC: 11    Str: 19    XL:     4   Next: 68%
MP:   3/3           EV:  6    Int:  5    God:
Gold: 138           SH:  0    Dex: 12    Spells: 3/3 levels left

rFire    . . .     SeeInvis .   g - +0 mace (vorpal)
rCold    . . .     Faith    .   (no shield)
rNeg     . . .     Spirit   .   e - +0 plate armour
rPois    .         Reflect  .   c - +0 hat
rElec    .         Harm     .   (no cloak)
rCorr    .         Rampage  .   (no gloves)
Will     .....                  (no boots)
Stlth    ..........             (no amulet)
HPRegen  0.12/turn              (no ring)
MPRegen  0.08/turn              (no ring)

@: slowed, lightly drained, very slow
A: retaliatory headbutt, horns 2
a: no special abilities


You were on level 2 of the Dungeon.
You visited 1 branch of the dungeon, and saw 2 of its levels.

You collected 138 gold pieces.

Inventory:

Hand Weapons
 a - a +0 war axe
 g - a +0 vorpal mace (weapon)
 l - a +2 hunting sling of flaming
 m - a +1 hunting sling of freezing
 n - a cursed -1 hunting sling
Missiles
 d - 5 throwing nets
 i - 18 poisoned darts (quivered)
 p - 5 atropa-tipped darts
Armour
 b - a +0 leather armour
 c - a +0 hat (worn)
 e - a +0 plate armour (worn)
Scrolls
 f - a scroll of identify
 j - a scroll of amnesia {unknown}
 k - a scroll of enchant weapon
 o - a scroll of enchant armour {unknown}
Potions
 q - a potion of berserk rage {unknown}


   Skills:
 - Level 2.4 Fighting
 * Level 5.8 Axes
 - Level 2.0 Throwing
 + Level 2.8 Armour
 - Level 3.2 Dodging


You had 3 spell levels left.
You didn't know any spells.
Your spell library was empty.

Dungeon Overview and Level Annotations

Branches:
Dungeon (2/15)

Altars:
Elyvilon
Vehumet

Annotations:
D:2 Crazy Yiuf


Innate Abilities, Weirdness & Mutations

You reflexively headbutt those who attack you in melee.
You have a pair of horns on your head.


Message History

* * * LOW HITPOINT WARNING * * *
You feel yourself slow down.
Okay, then.
Blink to where?
Press: ? - help, Dir - move target, p - Crazy Yiuf
As you read the scroll of blinking, it crumbles to dust.
Crazy Yiuf cries, "Whiteboard sing pizzabubble!"
Throw: 19 darts (poison)
Press: ? - help, Q - select action, (/) - cycle Shift-Dir - straight line, f - Crazy Yiuf
Aim: Crazy Yiuf, wielding a +4 quarterstaff of chaos and wearing a +0 cloak (moderately wounded, strong)
You throw a poisoned dart.
The poisoned dart barely misses Crazy Yiuf.
Crazy Yiuf hits you with a +4 quarterstaff of chaos!
* * * LOW HITPOINT WARNING * * *
You closely miss Crazy Yiuf.
Crazy Yiuf is moderately wounded.
Crazy Yiuf barely misses you. You furiously retaliate!
You headbutt Crazy Yiuf, but do no damage.
Crazy Yiuf hits you with a +4 quarterstaff of chaos!
You die...

†>.########..##.....###.#..#.#...
...# ##..#..#..# #.......... ..##
#######..# #.#..#.#... ### ####
#.##....... #.#######.. ###
♣♣#######.#### ##. #)(.#♣♣
♣♣.......)....# #. ##
#...(.♣♣♣♣......######.#####. .#
#...#♣g.♣..g@..## #....... .##
### ♣♣♣.♣....## #..#.#.. .>#
♣♣♣♣♣### ##...... .## #.#.#.#
.####################### #.....#
................†......## ##.....
.##########.......####..####.....
.# #.......# ##.......... .#
#...[...# ###########


You could see Crazy Yiuf (strong).

Vanquished Creatures
  Terence (D:2)
  An adder (D:2)
  2 oozes (D:2)
  4 worms (D:2)
  A dart slug (D:1)
  4 ball pythons (D:2)
  2 giant cockroaches
  4 goblins
  8 hobgoblins
  11 jackals (D:2)
  8 bats
  3 frilled lizards
  4 kobolds
  A rat (D:2)
54 creatures vanquished.

Notes
Turn   | Place    | Note
-------+----------+-------------------------------------------
     0 | D:1      | DearestLeader the Minotaur Gladiator began the quest for
                  | the Orb.
     0 | D:1      | Reached XP level 1. HP: 18/18 MP: 0/0
   177 | D:1      | Reached skill level 4 in Axes
   177 | D:1      | Reached skill level 1 in Armour
   198 | D:1      | Reached XP level 2. HP: 25/25 MP: 1/1
   569 | D:2      | Reached XP level 3. HP: 19/30 MP: 2/2
   569 | D:2      | Noticed Terence
   589 | D:2      | Killed Terence
   590 | D:2      | Reached skill level 5 in Axes
   597 | D:2      | Reached XP level 4. HP: 37/37 MP: 3/3
  1129 | D:2      | Found a radiant altar of Vehumet.
  1129 | D:2      | Found a white marble altar of Elyvilon.
  1188 | D:2      | Found a runed translucent door.
  1189 | D:2      | Noticed Crazy Yiuf
  1275 | D:2      | Mangled by Crazy Yiuf

Illustrated notes

Levels and vault maps discovered:
D:1:      dpeg_arrival_simpleton_b, layout_rooms
D:2:      layout_rooms, gammafunk_temple_overflow_wave, serial_glass,
          glass_columns_b, glass_columns_b, glass_columns_a, glass_columns_a,
          glass_columns_a, glass_columns_c, glass_columns_a, glass_columns_a,
          minmay_small_reverse_x, uniq_terence, uniq_crazy_yiuf_cottage

Skill      XL: |  1  2  3 |
---------------+----------+-----
Axes           | 4 5 |  5.8
Armour         | 1 2 |  2.8
Fighting       | |  2.4
Throwing       | |  2.0
Dodging        | |  3.2

Action                   |  1- 3 |  4- 6 || total
-------------------------+-------+-------++-------
Melee: War axe           |    58 |       ||    58
       Headbutt          |     9 |    11 ||    20
       Mace              |       |    57 ||    57
Throw: Dart              |     1 |     2 ||     3
  Use: Potion            |     2 |       ||     2
       Scroll            |       |     3 ||     3
Armor: Plate armour      |    76 |    54 ||   130
Dodge: Dodged            |    31 |    17 ||    48
